 Dungeon Crawl Stone Soup version 0.22-a0-395-gfed312b (webtiles) character file.

89875 4thArraOfDagon the Thaumaturge (level 15, -1/103 HPs)
             Began as a Mummy Fire Elementalist on May 3, 2018.
             Was a High Priest of Sif Muna.
             Slain by an alligator (5 damage)
             ... on level 1 of the Swamp.
             The game lasted 01:13:37 (16249 turns).

4thArraOfDagon the Thaumaturge (MuFE)              Turns: 16249, Time: 01:13:38

Health: -1/103     AC: 11    Str: 16    XL:     15   Next: 50%
Magic:  35/42      EV: 13    Int: 29    God:    Sif Muna [*****.]
Gold:   562        SH:  0    Dex: 10    Spells: 19/43 levels left

rFire    . . .     SeeInvis .   k - +7 war axe of Yxzely {flame, rF+ Str+4}
rCold    + . .     Gourm    .   (no shield)
rNeg     + + +     Faith    .   d - +4 troll leather armour
rPois    ∞         Spirit   .   (no helmet)
rElec    .         Reflect  .   I - scarf {repulsion}
rCorr    .         Harm     .   m - +0 pair of gloves of Uniawem {+Fly rPois Int+5 Dex-3}
MR       +....                  o - +0 pair of boots
Stlth    ..........             p - amulet of magic regeneration
HPRegen  0.67/turn              F - +4 ring of intelligence
MPRegen  0.53/turn              q - ring of magical power

@: silence, divine energy, repel missiles
A: no food or potions, fire vulnerability, cold resistance 1, negative energy
resistance 3, torment resistance, unbreathing, in touch with death 1
a: Renounce Religion, Evoke Flight


You were on level 1 of the Swamp.
You worshipped Sif Muna.
Sif Muna was extremely pleased with you.
You were not hungry.

You visited 5 branches of the dungeon, and saw 25 of its levels.
You also visited: Volcano.

You collected 2378 gold pieces.
You spent 1816 gold pieces at shops.

Inventory:

Hand Weapons
 k - the +7 war axe of Yxzely (weapon) {flame, rF+ Str+4}
   (You found it on level 5 of the Dungeon)

   It has been specially enchanted to burn those struck by it, causing extra
   injury to most foes and up to half again as much damage against particularly
   susceptible opponents.
   Big, fiery blades are also staple armaments of hydra-hunters.
   It affects your strength (+4).
   It protects you from fire.
 y - a +1 bardiche
Missiles
 b - 2 curare-tipped needles
Armour
 d - a +4 troll leather armour (worn)
 m - the +0 pair of gloves of Uniawem (worn) {+Fly rPois Int+5 Dex-3}
   (You found it on level 6 of the Dungeon)

   It affects your intelligence (+5).
   It affects your dexterity (-3).
   It protects you from poison.
   It lets you fly.
 o - a +0 pair of boots (worn)
 v - a +2 ring mail of fire resistance
 x - a +2 robe of magic resistance
 z - the +7 chain mail "Wiankaud" {*Slow rElec rF+++}
   (You found it on level 1 of the Lair of Beasts)

   It renders you almost immune to fire.
   It insulates you from electricity.
   It may slow you when you take damage.
 I - a scarf of repulsion (worn)
Magical Staves
 G - an uncursed staff of wizardry {!a}
Jewellery
 f - a +2 ring of protection
 h - an uncursed amulet of regeneration
 j - an uncursed amulet of harm
 p - an amulet of magic regeneration (around neck)
 q - a ring of magical power (right hand)
 u - an uncursed ring of protection from magic
 E - an uncursed ring of ice
 F - a +4 ring of intelligence (left hand)
Wands
 t - a wand of digging (8)
 A - a wand of polymorph (14)
 C - a wand of disintegration (7)
Scrolls
 a - 2 scrolls of summoning
 c - 9 scrolls of remove curse
 e - 12 scrolls of teleportation
 g - 5 scrolls of blinking
 i - a scroll of torment
 l - 7 scrolls of immolation
 n - a scroll of fear
 r - 7 scrolls of identify
 s - 2 scrolls of noise
 w - 2 scrolls of amnesia
 B - a scroll of silence
 D - a scroll of magic mapping


   Skills:
 - Level 5.0 Fighting
 - Level 5.0 Armour
 - Level 5.0 Dodging
 - Level 1.5 Stealth
 + Level 14.9 Spellcasting
 * Level 14.8 Conjurations
 * Level 8.7 Fire Magic
 - Level 10.0 Invocations


You had 19 spell levels left.
You knew the following spells:

 Your Spells              Type           Power        Failure   Level  Hunger
a - Flame Tongue          Conj/Fire      #####        1%          1    N/A
b - Animate Skeleton      Necr           N/A          2%          1    N/A
c - Conjure Flame         Conj/Fire      ######..     1%          3    N/A
d - Sticky Flame          Conj/Fire      ######..     1%          4    N/A
e - Fireball              Conj/Fire      ######....   1%          5    N/A
f - Orb of Destruction    Conj           #######...   4%          7    N/A
g - Mephitic Cloud        Conj/Pois/Air  ######..     1%          3    N/A

Dungeon Overview and Level Annotations

Branches:
Dungeon (15/15)            Temple (1/1) D:7            Lair (6/6) D:9
  Swamp (1/4) Lair:2       Spider (0/4) Lair:4        Slime (0/5) Lair:5
    Orc (2/2) D:10            Elf (0/3) Orc:2        Depths (0/5) D:15
 Vaults: D:13-14

Altars:
Ashenzari
Cheibriados
Dithmenos
Elyvilon
Fedhas
Gozag
Hepliaklqana
Kikubaaqudgha
Makhleb
Nemelex Xobeh
Okawaru
Qazlal
Ru
Sif Muna
Trog
Uskayaw
Vehumet
Wu Jian
Xom
Yredelemnul
Zin
The Shining One
Beogh
Jiyva

Shops:
D:11 ?   Orc:2 (:%!

Annotations:
Swamp:1 1 transporter


Innate Abilities, Weirdness & Mutations

You do not eat or drink.
Your flesh is vulnerable to fire.
You are immune to poison.
Your flesh is cold resistant. (rC+)
You are immune to negative energy. (rN+++)
You are immune to unholy pain and torment.
You can survive without breathing.
You are in touch with the powers of death.


Message History

Aiming: Disintegrate
Press: ? - help, Shift-Dir - straight line, f/p - alligator
Aim: an alligator (silenced, heavily wounded, covering ground quickly, chance to defeat MR: 48%)
The alligator resists with some effort.
The alligator bites you!
The alligator tail-slaps you but does no damage.
The spriggan rider hits you from afar with a spear!
* * * LOW HITPOINT WARNING * * *
The alligator barely misses you.
The alligator tail-slaps you but does no damage.
Unknown command.
Unknown command.
Unknown command.
Evoke which item? (* to show all) (? for menu, Esc to quit)
Aiming: Disintegrate
Press: ? - help, Shift-Dir - straight line, f/p - alligator
Aim: an alligator (silenced, heavily wounded, covering ground quickly, chance to defeat MR: 48%)
The alligator resists with some effort.
The alligator bites you!!
* * * LOW HITPOINT WARNING * * *
The alligator tail-slaps you.
You die...

^ #..tJ. #≈≈≈≈≈♣♣♣♣♣
#.#^#.#^# .# #..≈....♣♣≈
##.$..^^.. .## #..≈...≈..≈
#^.##.#^#.##.^# #≈....≈≈.≈≈
#..^^...^^?.# #≈.........
#^.##.##.^# #≈...≈≈≈...
#...^..i## ##≈<..≈≈.♣♣.
#.^...t§# ##≈.≈.....≈..
#..^©^.@# ##≈≈≈≈≈....≈≈.
######### #≈≈≈≈≈≈....≈≈♣
##### #≈≈≈≈≈...≈≈§..
♣#############.......≈≈≈≈.§
♣≈≈≈♣..©.≈...≈≈≈≈≈≈≈..≈♣♣..
♣........♣♣.≈≈≈≈≈≈§..≈♣♣≈≈
♣♣♣.≈.≈≈≈§♣♣♣.≈≈≈...≈♣♣♣♣♣♣
♣....≈♣....♣♣♣...♣♣♣♣♣ ♣♣♣.
♣♣≈≈≈♣♣♣..♣♣ ♣♣♣♣♣ ♣♣♣♣≈..


You could see an alligator and a spriggan rider.

Vanquished Creatures
  2 orc warlords (Orc:1)
  A red draconian (Volcano)
  Snorg (D:12)
  A rakshasa (D:13)
  7 hydras
  8 alligators (Swamp:1)
  A centaur warrior (D:14)
  9 two-headed ogres
  An ogre mage (Volcano)
  An orc high priest (Orc:1)
  A fire crab (Lair:6)
  An unseen horror (D:11)
  A deep troll (D:15)
  A swamp dragon (Swamp:1)
  The ghost of VDreamerV the Changer, a novice OpTm of Cheibriados (D:7)
  12 orc knights
  An orc sorcerer (Orc:1)
  11 ugly things
  A manticore (D:14)
  A cyclops (D:15)
  3 black mambas
  9 elephants
  2 molten gargoyles (Volcano)
  A gargoyle (D:11)
  25 spiny frogs
  2 rime drakes (Lair:6)
  5 komodo dragons
  2 polar bears
  7 trolls
  5 tyrant leeches
  A meliai (shapeshifter) (D:13)
  10 slime creatures
  10 hippogriffs
  4 hornets
  3 bog bodies (Swamp:1)
  17 blink frogs
  4 dream sheep (Lair:5)
  3 shadows
  A wraith (D:13)
  A vampire (D:15)
  2 spriggans (Swamp:1)
  A fire bat (Volcano)
  5 wyverns
  36 yaks
  A hungry ghost (D:12)
  4 hogs (D:7)
  A human (D:7)
  9 vampire mosquitoes
  4 swamp worms (Swamp:1)
  10 wargs
  6 insubstantial wisps
  13 water moccasins
  4 porcupines
  60 orc warriors
  4 sky beasts
  4 ice beasts
  A black bear (Lair:1)
  6 wolves (Lair:1)
  3 eyes of draining
  A phantom (D:6)
  5 ogres
  4 centaurs
  14 crocodiles
  A big kobold (D:7)
  24 bullfrogs
  2 scorpions
  3 wights (D:8)
  7 howler monkeys
  An electric eel (Lair:6)
  6 lava snakes (Volcano)
  6 crimson imps
  6 centaur zombies
  2 bullfrog zombies
  A jelly (D:8)
  3 bullfrog skeletons
  20 orc priests
  A gnoll shaman (D:8)
  29 orc wizards
  3 iguanas
  Natasha (D:2)
  14 worker ants
  A hound zombie (D:9)
  A hound skeleton (D:4)
  2 worker ant zombies
  9 gnolls
  A howler monkey skeleton (D:6)
  6 adders
  3 shadow imps
  2 oozes
  4 worms
  2 dart slugs
  A leopard gecko (D:2)
  122 orcs
  9 giant cockroaches
  8 goblins
  6 hobgoblins
  18 jackals
  4 quokkas
  2 ball pythons (D:3)
  7 bats
  5 frilled lizards
  A jackal skeleton (D:7)
  A jackal zombie (D:5)
  8 kobolds
  10 rats
  A fungus (Lair:4)
  3 plants (Lair:6)
743 creatures vanquished.

Vanquished Creatures (others)
  8 plants (Lair:6)
8 creatures vanquished.

Grand Total: 751 creatures vanquished

Notes
Turn   | Place    | Note
-------+----------+-------------------------------------------
     0 | D:1      | 4thArraOfDagon the Mummy Fire Elementalist began the quest for the Orb.
     0 | D:1      | Reached XP level 1. HP: 13/13 MP: 4/4
    88 | D:1      | Reached skill level 1 in Conjurations
   145 | D:1      | Reached XP level 2. HP: 12/19 MP: 2/5
   560 | D:3      | Reached XP level 3. HP: 12/24 MP: 3/7
   563 | D:3      | Learned a level 1 spell: Animate Skeleton
   567 | D:3      | Learned a level 3 spell: Conjure Flame
   855 | D:3      | Found a snail-covered altar of Cheibriados.
   918 | D:4      | Reached XP level 4. HP: 30/30 MP: 0/9
   927 | D:4      | Learned a level 4 spell: Sticky Flame
  1031 | D:5      | Entered Level 5 of the Dungeon
  1039 | D:4      | Noticed a bullfrog
  1047 | D:4      | Killed a bullfrog
  1047 | D:4      | Reached XP level 5. HP: 35/35 MP: 2/10
  1220 | D:4      | You fall through a shaft!
  1229 | D:5      | Got a shimmering war axe
  1232 | D:5      | Identified the +7 war axe of Yxzely {flame, rF+ Str+4} (You found it on level 5 of the Dungeon)
  1355 | D:7      | Reached XP level 6. HP: 36/41 MP: 7/12
  1396 | D:7      | Found a staircase to the Ecumenical Temple.
  1405 | Temple   | Entered the Ecumenical Temple
  1426 | Temple   | Became a worshipper of Sif Muna the Loreminder
  1469 | D:7      | Noticed VDreamerV's ghost (novice OpTm)
  1483 | D:7      | Killed VDreamerV's ghost
  1483 | D:7      | Reached skill level 5 in Spellcasting
  1483 | D:7      | Reached skill level 5 in Fire Magic
  1483 | D:7      | Reached skill level 1 in Invocations
  1483 | D:7      | Reached XP level 7. HP: 38/46 MP: 10/14
  1491 | D:7      | Reached * piety under Sif Muna
  1516 | D:7      | Learned a level 5 spell: Fireball
  1755 | D:7      | Noticed a hippogriff
  1770 | D:7      | Killed a hippogriff
  1770 | D:7      | Reached XP level 8. HP: 35/52 MP: 9/16
  1843 | D:7      | Reached skill level 5 in Conjurations
  1845 | D:7      | Reached ** piety under Sif Muna
  1956 | D:6      | Identified the cursed +0 pair of gloves of Uniawem {+Fly rPois Int+5 Dex-3} (You found it on level 6 of the Dungeon)
  1968 | D:6      | 4thArraOfDagon: somthing
  2056 | D:6      | Reached XP level 9. HP: 53/57 MP: 8/18
  2350 | D:6      | Thaneod: !stalk 4thArraOfDagon
  2351 | D:6      | beem: 4thArraOfDagon the L6 MuFE^Sif in D:7 (cxc tiles), T:1483, defenses: 5/12/0, stats: 16/16/12
  2565 | D:6      | Found a radiant altar of Vehumet.
  3101 | D:5      | Reached *** piety under Sif Muna
  3259 | D:4      | Found an ancient bone altar of Kikubaaqudgha.
  4043 | D:2      | Found a sparkling altar of Nemelex Xobeh.
  4056 | D:2      | Noticed Natasha
  4061 | D:2      | Killed Natasha
  5150 | D:8      | Noticed a two-headed ogre
  5166 | D:8      | Killed a two-headed ogre
  5166 | D:8      | Reached **** piety under Sif Muna
  5166 | D:8      | Reached XP level 10. HP: 63/63 MP: 10/21
  5346 | D:8      | Identified the Tome of the Assistive Birds
  5647 | D:8      | Found an opulent altar of Gozag.
  6144 | D:9      | Found a shadowy altar of Dithmenos.
  6150 | D:9      | Reached skill level 5 in Invocations
  6217 | D:9      | Learned a level 7 spell: Orb of Destruction
  6256 | D:9      | Learned a level 3 spell: Mephitic Cloud
  6359 | D:9      | Found an iron altar of Okawaru.
  6491 | D:9      | Noticed a two-headed ogre
  6504 | D:9      | Killed a two-headed ogre
  6517 | D:9      | Found a staircase to the Lair.
  6595 | D:10     | Entered Level 10 of the Dungeon
  6697 | D:10     | Found a staircase to the Orcish Mines.
  6761 | D:10     | Reached ***** piety under Sif Muna
  6859 | D:10     | Identified Sarhuott's Tome of Poisoning (Sif Muna gifted it to you on level 10 of the Dungeon)
  6859 | D:10     | Received a gift from Sif Muna
  6940 | D:10     | Identified the +7 mace of Mubi Nun {crush, rN++} (You found it on level 10 of the Dungeon)
  7100 | D:11     | Reached XP level 11. HP: 68/68 MP: 24/24
  7301 | D:11     | Noticed an unseen horror
  7305 | D:11     | Killed an unseen horror
  7397 | D:11     | Found Uckyecle's Magic Scroll Shop.
  7400 | D:11     | Bought a scroll of magic mapping for 56 gold pieces
  7400 | D:11     | Bought a scroll of teleportation for 48 gold pieces
  7400 | D:11     | Bought a scroll of teleportation for 48 gold pieces
  7694 | D:11     | Noticed a cyan ugly thing
  7698 | D:11     | Killed a cyan ugly thing
  8005 | D:12     | Noticed a two-headed ogre
  8017 | D:12     | Killed a two-headed ogre
  8017 | D:12     | Reached skill level 10 in Spellcasting
  8100 | D:12     | Noticed a two-headed ogre
  8102 | D:12     | Noticed Snorg
  8111 | D:12     | Killed a two-headed ogre
  8111 | D:12     | Reached skill level 10 in Conjurations
  8117 | D:12     | Killed Snorg
  8882 | D:13     | Reached XP level 12. HP: 74/74 MP: 26/26
  9015 | D:13     | Identified Coiwicsi's Compendium of Cold and Execration (Sif Muna gifted it to you on level 13 of the Dungeon)
  9015 | D:13     | Received a gift from Sif Muna
  9046 | D:13     | Noticed a four-headed hydra
  9050 | D:13     | Killed a four-headed hydra
  9053 | D:13     | Noticed a rakshasa
  9079 | D:13     | Killed a rakshasa
  9113 | D:13     | Noticed a fire giant
  9120 | D:13     | O
  9168 | D:14     | Noticed a vault guard
  9179 | D:14     | Found a shimmering altar of Xom.
  9181 | D:14     | Found a shimmering altar of Xom.
  9181 | D:14     | Found a shimmering altar of Xom.
  9183 | D:14     | Found a shimmering altar of Xom.
  9185 | D:14     | Found a shimmering altar of Xom.
  9185 | D:14     | Found a shimmering altar of Xom.
  9187 | D:14     | Found a shimmering altar of Xom.
  9305 | D:14     | Noticed a five-headed hydra
  9313 | D:14     | Killed a five-headed hydra
  9453 | D:15     | Entered Level 15 of the Dungeon
  9471 | D:15     | Noticed a centaur warrior
  9595 | D:15     | Found a staircase to the Depths.
  9661 | D:15     | Noticed a two-headed ogre
  9663 | D:15     | Noticed a two-headed ogre
  9717 | D:14     | Found an ancient bone altar of Kikubaaqudgha.
  9739 | D:14     | Noticed a centaur warrior
  9746 | D:14     | Killed a centaur warrior
  9773 | D:13     | Found a deep blue altar of Sif Muna.
  9773 | D:13     | Noticed a tengu warrior
  9923 | Orc:1    | Entered Level 1 of the Orcish Mines
  9971 | Orc:1    | Noticed an orc warlord
  9982 | Orc:1    | Killed an orc warlord
  9982 | Orc:1    | Gained mutation: You are in touch with the powers of death. [Mummy growth]
  9982 | Orc:1    | Reached XP level 13. HP: 79/79 MP: 20/29
 10285 | Orc:2    | Entered Level 2 of the Orcish Mines
 10540 | Orc:1    | Noticed an orc warlord
 10545 | Orc:1    | Received a gift from Sif Muna
 10555 | Orc:1    | Killed an orc warlord
 10724 | Orc:1    | p0werm0de: gong
 10726 | Orc:1    | beem: BOUMMMMG!
 10855 | Orc:1    | Found a roughly hewn altar of Beogh.
 11041 | Orc:2    | Found a roughly hewn altar of Beogh.
 11232 | Orc:2    | Found a staircase to the Elven Halls.
 11403 | Orc:2    | Reached skill level 10 in Invocations
 11451 | Orc:2    | Found Qitauff's Distillery.
 11451 | Orc:2    | Found Bosuarum's Food Emporium.
 11488 | Orc:2    | Found a roughly hewn altar of Beogh.
 11521 | Orc:2    | Found Jif Ineo's Book Shop.
 11521 | Orc:2    | Found Giafatt's Weapon Emporium.
 11699 | Lair:1   | Entered Level 1 of the Lair of Beasts
 11958 | Lair:1   | Reached XP level 14. HP: 83/85 MP: 31/31
 12040 | Lair:1   | Identified the +7 chain mail "Wiankaud" {*Slow rElec rF+++} (You found it on level 1 of the Lair of Beasts)
 12041 | Lair:1   | Thaneod: ?? shield of the gong
 12045 | Lair:1   | beem: PANG!
 12046 | Lair:1   | beem: shield of the gong[1/5]: +18 shield {rElec rN+ MR+ EV-5} This shield will surely be heard!
 12058 | Lair:1   | You fall through a shaft!
 12059 | Lair:2   | 4thArraOfDagon: ptoang!!!
 12110 | Lair:2   | incide: best shield for a conjurer
 12265 | Lair:2   | Found a staircase to the Swamp.
 12693 | Lair:3   | Reached skill level 1 in Fighting
 12741 | Lair:3   | Reached skill level 1 in Armour
 12950 | Lair:4   | Identified Sif Muna's Grimoire of Dislocated Arcane Weapons (Sif Muna gifted it to you on level 4 of the Lair of Beasts)
 12950 | Lair:4   | Received a gift from Sif Muna
 12954 | Lair:4   | Found a hole to the Spider Nest.
 13382 | Lair:5   | Identified the +2 plate armour of Offasch {rPois rN+} (You found it on level 5 of the Lair of Beasts)
 13440 | Lair:5   | Found a staircase to the Slime Pits.
 13440 | Lair:5   | Found a viscous altar of Jiyva.
 13444 | Lair:5   | Identified a scroll of acquirement
 13473 | Lair:5   | Found a dark tunnel.
 13489 | Volcano  | Entered a volcano
 13702 | Volcano  | Found a radiant altar of Vehumet.
 13715 | Volcano  | p0werm0de: bois we need you in #xtahua-gang
 13731 | Volcano  | p0werm0de: https://discord.gg/SzXGZNS
 14116 | Lair:6   | Entered Level 6 of the Lair of Beasts
 14140 | Lair:5   | p0werm0de: https://www.youtube.com/watch?v=GnW9lBIQ530
 14374 | Lair:5   | p0werm0de: https://www.youtube.com/watch?v=AdLiqQQWdks
 14854 | Lair:6   | Reached XP level 15. HP: 101/101 MP: 10/33
 14855 | Lair:6   | Rhok: acq ><
 15020 | Lair:6   | Reached skill level 5 in Fighting
 15321 | Lair:6   | Found a hazy altar of Hepliaklqana.
 15500 | D:11     | Bought 2 scrolls of acquirement for 1664 gold pieces
 15637 | Swamp:1  | Entered Level 1 of the Swamp
 15666 | Swamp:1  | Reached skill level 5 in Dodging
 15799 | Swamp:1  | Reached skill level 5 in Armour
 16031 | Swamp:1  | Identified Sif Muna's Grimoire of the Aerial Glacier (Sif Muna gifted it to you on level 1 of the Swamp)
 16031 | Swamp:1  | Received a gift from Sif Muna
 16059 | Swamp:1  | Found a transporter.
 16202 | Swamp:1  | Found a transporter.
 16242 | Swamp:1  | 4thArraOfDagon: :O
 16242 | Swamp:1  | Thaneod: silence...
 16249 | Swamp:1  | HP: 4/103 [alligator (18)]
 16249 | Swamp:1  | Slain by an alligator

Vault maps used:
D:1:      minmay_arrival_stair_chambers
D:2:      old_standard_altar, serial_bayou_crossing, uniq_natasha
D:3:      overflow_temple_1_default, first_ration, minmay_misc_feat_enclosed
D:4:      lemuel_coloured_pillars_altar
D:5:      lemuel_ice_spiral_2
D:6:      lemuel_doored_altar
D:7:      minmay_temple_entry_trees, serial_glass, glass_columns_c,
          glass_columns_a, glass_columns_c, glass_columns_c, glass_columns_b,
          glass_columns_c, glass_columns_b, glass_columns_a, grunt_livestock
D:8:      grunt_gozag_statues
D:9:      nicolae_dithmenos_shadow_blocks, lair_entry_dummy, lemuel_statue_altar
D:10:     david_orc_2
D:11:     serial_shops, kennysheep_mini, kennysheep_generic_room_8
D:12:     uniq_snorg
D:13:     basic_altar, kennysheep_just_a_vault, uniq_azrael, uniq_josephine
D:14:     grunt_vaults_entry_fortified, nicolae_xom_altar_mimics, basic_altar,
          kennysheep_windowed_goal
D:15:     hangedman_depths_entry_civil_slaughter, minmay_unpleasant_kobolds
Temple:   lightli_temple_of_artemis
Lair:1:   minivault_25
Lair:2:   minmay_swamp_entry_wisps, lemuel_fruit_tree
Lair:3:   infiniplex_staircase_pool_2, grunt_megastairs_5
Lair:4:   nicolae_spider_entry_non_spiders
Lair:5:   slime_altar_1, enter_volcano_2, bh_chokoban
Lair:6:   minmay_lair_end_frog_pond, basic_altar
Swamp:1:  gammafunk_its_a_trap, evilmike_swamp_ruin_house_6, swamp_pool1
Orc:1:    orc_temple
Orc:2:    st_orc_town, basic_altar
Volcano:  volcano_lake

Skill      XL: |  1  2  3  4  5  6  7  8  9 10 11 12 13 14 15 |
---------------+----------------------------------------------+-----
Conjurations   | 1 2 3 4 5 7 8 10 12 13 14 | 14.8
Spellcasting   | 3 4 5 6 7 9 10 12 13 14 | 14.9
Fire Magic     | 3 4 5 6 7 8 |  8.7
Invocations    | 1 2 3 4 5 7 9 10 | 10.0
Fighting       | 4 5 |  5.0
Dodging        | 4 5 |  5.0
Armour         | 3 5 |  5.0
Stealth        | |  1.5

Action                   |  1- 3 |  4- 6 |  7- 9 | 10-12 | 13-15 || total
-------------------------+-------+-------+-------+-------+-------++-------
Melee: Unarmed           |    72 |    20 |       |       |       ||    92
       War axe           |       |     8 |   219 |   229 |   194 ||   650
 Cast: Flame Tongue      |    48 |    28 |    12 |    20 |     2 ||   110
       Conjure Flame     |       |     2 |     9 |    30 |    16 ||    57
       Sticky Flame      |       |     1 |    19 |    47 |    74 ||   141
       Fireball          |       |       |     7 |    96 |   251 ||   354
       Orb of Destructio |       |       |       |     2 |    87 ||    89
       Mephitic Cloud    |       |       |       |       |     1 ||     1
Invok: Divine Energy     |       |       |     1 |       |       ||     1
       Channel Magic     |       |       |       |     9 |    21 ||    30
Evoke: Wand              |       |       |       |       |     8 ||     8
  Use: Scroll            |       |     7 |     3 |    15 |    15 ||    40
 Stab: Sleeping          |     1 |     1 |     4 |       |       ||     6
       Distracted        |       |       |       |     1 |       ||     1
Armor: Robe              |    35 |    14 |    66 |    11 |       ||   126
       Ring mail         |       |       |       |    32 |     6 ||    38
       Troll leather arm |       |       |       |    68 |   146 ||   214
Dodge: Dodged            |    92 |    25 |   176 |   170 |   218 ||   681
       Deflected         |       |       |       |       |     1 ||     1

Table legend:
 A = Spawn XP
 B = Non-spawn XP
 C = Spawn XP percentage of total XP
 D = Spawn monster count
 E = Non-spawn monster count
 F = Spawn count percentage of total count
 G = Total turns spent on level
                    A         B        C        D         E        F      G
               +---------+---------+-------+---------+---------+-------+---------
         Total |       0 |  128393 |   0.0 |       0 |     739 |   0.0 | 16249
               +---------+---------+-------+---------+---------+-------+---------
           D:1 |       0 |      58 |   0.0 |       0 |      24 |   0.0 |   759
           D:2 |       0 |     166 |   0.0 |       0 |      30 |   0.0 |   607
           D:3 |       0 |     108 |   0.0 |       0 |      29 |   0.0 |   757
           D:4 |       0 |     406 |   0.0 |       0 |      28 |   0.0 |   848
           D:5 |       0 |     701 |   0.0 |       0 |      21 |   0.0 |   394
           D:6 |       0 |    1145 |   0.0 |       0 |      22 |   0.0 |   968
           D:7 |       0 |    2181 |   0.0 |       0 |      22 |   0.0 |   678
           D:8 |       0 |    2226 |   0.0 |       0 |      32 |   0.0 |  1059
           D:9 |       0 |    3066 |   0.0 |       0 |      26 |   0.0 |   591
          D:10 |       0 |     699 |   0.0 |       0 |      12 |   0.0 |   531
          D:11 |       0 |    3459 |   0.0 |       0 |      16 |   0.0 |   735
          D:12 |       0 |    7003 |   0.0 |       0 |      31 |   0.0 |  1115
          D:13 |       0 |    6836 |   0.0 |       0 |      31 |   0.0 |   407
          D:14 |       0 |    5052 |   0.0 |       0 |      16 |   0.0 |   473
          D:15 |       0 |    3964 |   0.0 |       0 |       9 |   0.0 |   175
        Lair:1 |       0 |    4341 |   0.0 |       0 |      23 |   0.0 |   386
        Lair:2 |       0 |    4181 |   0.0 |       0 |      15 |   0.0 |   395
        Lair:3 |       0 |    6298 |   0.0 |       0 |      21 |   0.0 |   482
        Lair:4 |       0 |    2958 |   0.0 |       0 |      22 |   0.0 |   507
        Lair:5 |       0 |    6727 |   0.0 |       0 |      28 |   0.0 |  1042
        Lair:6 |       0 |   17657 |   0.0 |       0 |      61 |   0.0 |   672
       Swamp:1 |       0 |   18065 |   0.0 |       0 |      42 |   0.0 |   552
         Orc:1 |       0 |   10470 |   0.0 |       0 |      64 |   0.0 |   924
         Orc:2 |       0 |   13806 |   0.0 |       0 |      99 |   0.0 |   798
       Volcano |       0 |    6820 |   0.0 |       0 |      15 |   0.0 |   352
               +---------+---------+-------+---------+---------+-------+---------
